 Dungeon Crawl Stone Soup version 0.21-a0-442-g848f44b (webtiles) character file.

246 Gildeon the Chopper (level 5, -11/45 HPs)
             Began as a Minotaur Fighter on Nov 15, 2017.
             Mangled by an ogre
             ... wielding a +0 giant club
              (17 damage)
             ... on level 4 of the Dungeon.
             The game lasted 00:11:42 (2794 turns).

Gildeon the Chopper (Minotaur Fighter)              Turns: 2794, Time: 00:11:42

Health: -11/45     AC:  8    Str: 22    XL:     5   Next: 84%
Magic:  4/4        EV:  7    Int:  5    God:
Gold:   132        SH: 12    Dex:  9    Spells: 4/4 levels left

rFire    . . .     SeeInvis .   a - +1 war axe
rCold    . . .     Gourm    .   c - +0 shield
rNeg     . . .     Faith    .   b - +0 scale mail
rPois    .         Spirit   .   (helmet restricted)
rElec    .         Reflect  +   (no cloak)
rCorr    .         Harm     .   (no gloves)
MR       .....                  h - +0 pair of boots
Stlth    ..........             q - +3 amulet of reflection
HPRegen  0.15/turn              (no ring)
MPRegen  0.09/turn              (no ring)

@: no status effects
A: retaliatory headbutt, horns 2
a: no special abilities


You were on level 4 of the Dungeon.
You were not hungry.

You visited 1 branch of the dungeon, and saw 4 of its levels.

You collected 132 gold pieces.

Inventory:

Hand Weapons
 a - a +1 war axe (weapon)
Missiles
 e - 4 tomahawks (quivered)
Armour
 b - a +0 scale mail (worn)
 c - a +0 shield (worn)
 h - a +0 pair of boots (worn)
 l - a +0 ring mail
 o - a +0 leather armour
Jewellery
 q - a +3 amulet of reflection (around neck)
Wands
 d - a wand of lightning (10/15)
Scrolls
 p - a scroll of fog
Potions
 i - 2 potions of brilliance
 j - 2 potions of curing
Comestibles
 f - a bread ration
 g - 4 fruits
 k - a meat ration
 n - 2 royal jellies


   Skills:
 - Level 3.6 Fighting
 + Level 7.5 Axes
 - Level 3.6 Armour
 - Level 3.6 Shields


You had 4 spell levels left.
You didn't know any spells.

Dungeon Overview and Level Annotations

Branches:
Dungeon (4/15)
 Temple: D:4-7

Altars:


Innate Abilities, Weirdness & Mutations

You reflexively headbutt those who attack you in melee.
You have a pair of horns on your head.


Message History

As you read the scroll labeled FEASKUCEVYKLOT, it crumbles to dust.
It is a scroll of enchant weapon.
Your +0 war axe glows red for a moment.
An ogre comes into view. It is wielding a giant club.
The ogre shouts!
You block the ogre's attack.
You hit the ogre.
The ogre is lightly wounded.
The ogre hits you with a giant club!!
Ouch! That really hurt!
You slash the ogre!
The ogre is heavily wounded.
You slash the ogre! Your headbutt misses the ogre.
The ogre is almost dead.
The ogre hits you with a giant club!
* * * LOW HITPOINT WARNING * * *
You barely miss the ogre.
The ogre is almost dead.
The ogre hits you with a giant club!
You die...

##############.#
+...............
######.........#
#.#######.#
#.###### .###
#<.....# ...
##.###.##O#.#...
#.# #..@.......
#.# ####.###...
#.. .# ### .# .#
.# .# .#


You could see an ogre.

Vanquished Creatures
  An orc priest (D:3)
  Natasha (thrice) (D:2)
  7 adders
  An ooze (D:2)
  A worm (D:3)
  2 dart slugs
  A leopard gecko (D:1)
  5 orcs (D:3)
  2 giant cockroaches (D:2)
  6 goblins
  7 hobgoblins
  4 jackals (D:3)
  6 kobolds
  3 quokkas
  2 ball pythons
  3 bats
  4 frilled lizards
  10 rats
68 creatures vanquished.

Notes
Turn   | Place    | Note
-------+----------+-------------------------------------------
     0 | D:1      | Gildeon the Minotaur Fighter began the quest for the Orb.
     0 | D:1      | Reached XP level 1. HP: 19/19 MP: 0/0
    62 | D:1      | Reached skill level 3 in Axes
   122 | D:1      | Reached XP level 2. HP: 16/26 MP: 1/1
   637 | D:2      | Reached skill level 4 in Axes
   707 | D:2      | Noticed Natasha
   712 | D:2      | Noticed a crimson imp
   712 | D:2      | Killed Natasha
   712 | D:2      | Reached XP level 3. HP: 26/31 MP: 2/2
   814 | D:2      | Reached skill level 5 in Axes
   900 | D:2      | Noticed Natasha
   906 | D:2      | Reached XP level 4. HP: 35/39 MP: 3/3
   911 | D:2      | Killed Natasha
   924 | D:2      | Noticed Natasha
   931 | D:2      | Killed Natasha
   931 | D:2      | Reached skill level 6 in Axes
  1683 | D:2      | Reached XP level 5. HP: 34/45 MP: 4/4
  2152 | D:3      | Reached skill level 7 in Axes
  2789 | D:4      | Noticed an ogre
  2794 | D:4      | Mangled by an ogre

Vault maps used:
D:1:      saegor_arrival_miasma
D:2:      uniq_natasha
D:4:      minmay_door_path, minmay_temple_entry_poolview, hex_medium

Skill      XL: |  1  2  3  4  5 |
---------------+----------------+-----
Axes           | 3 4 5 6 7 |  7.5
Fighting       | |  3.6
Armour         | |  3.6
Shields        | |  3.6

Action                   |  1- 3 |  4- 6 || total
-------------------------+-------+-------++-------
Melee: War axe           |    73 |   117 ||   190
       Headbutt          |     8 |    11 ||    19
Throw: Tomahawk          |    17 |     7 ||    24
  Use: Scroll            |     6 |     7 ||    13
       Potion            |     1 |       ||     1
 Stab: Distracted        |     1 |       ||     1
  Eat: Bread ration      |       |     2 ||     2
       Chunk             |       |     1 ||     1
Armor: Scale mail        |    31 |    47 ||    78
Dodge: Dodged            |    28 |    29 ||    57
Block: Shield            |    46 |    57 ||   103

Table legend:
 A = Spawn XP
 B = Non-spawn XP
 C = Spawn XP percentage of total XP
 D = Spawn monster count
 E = Non-spawn monster count
 F = Spawn count percentage of total count
 G = Total turns spent on level
                    A         B        C        D         E        F      G
               +---------+---------+-------+---------+---------+-------+---------
         Total |       0 |     352 |   0.0 |       0 |      68 |   0.0 |  2794
               +---------+---------+-------+---------+---------+-------+---------
           D:1 |       0 |      28 |   0.0 |       0 |      15 |   0.0 |   633
           D:2 |       0 |     178 |   0.0 |       0 |      29 |   0.0 |  1156
           D:3 |       0 |     146 |   0.0 |       0 |      24 |   0.0 |   985
               +---------+---------+-------+---------+---------+-------+---------
